Map: Data-C

Players

Nina

  • Race: Protoss Protoss
  • Spawn Location: 3:00

Maplez - Winner!

  • Race: Protoss Protoss
  • Spawn Location: 9:00

Event: DreamHack SC2 Masters 2022 Atlanta (Offline)

VOD

Have the link to the VOD?

Description

Time

  • Played on: Nov. 18, 2022, 11:52 a.m.
  • Length: 9:12

All games in this series

Show
View Real Time Build Order
Export as new Build Order

Nina Protoss 

Build Orders: Oracle Opening 

Get SALT Encoding   

  12  0:00  Probe  
  13  0:12  Probe  
  14  0:18  Pylon  
  14  0:25  Probe (Chrono Boost)  
  15  0:37  Probe (Chrono Boost), Gateway  
  16  0:45  Probe (Chrono Boost)  
  16  0:47  Assimilator  
  17  0:51  Probe  
  17  0:56  Assimilator  
  18  1:03  Probe (Chrono Boost)  
  19  1:13  Probe (Chrono Boost), Pylon  
  19  1:18  Probe (Chrono Boost)  
  20  1:24  Cybernetics Core  
  21  1:29  Probe  
  22  1:41  Probe  
  23  1:53  Gateway  
  23  1:57  Probe  
  24  2:03  Stargate  
  24  2:04  Stalker (Chrono Boost)  
  26  2:10  Probe  
  26  2:15  Shield Battery  
  27  2:19  Warp Gate  
  28  2:30  Pylon  
  28  2:31  Stalker  
  29  2:50  Oracle (Chrono Boost)  
  32  2:58  Nexus  
  33  3:05  Probe  
  33  3:12  Nexus  
  33  3:18  Probe  
  34  3:23  Oracle (Chrono Boost)  
  37  3:33  Gateway  
  37  3:34  Probe  
  38  3:37  Pylon  
  38  3:46  Gateway  
  39  3:48  Probe  
  39  4:00  Twilight Council  
  39  4:03  Probe  
  39  4:09  Stalker  
  42  4:16  Shield Battery  
  42  4:17  Probe (Chrono Boost)  
  43  4:28  Probe (Chrono Boost)  
  44  4:31  Blink (Chrono Boost)  
  44  4:33  Probe (Chrono Boost)  
  44  4:34  Probe (Chrono Boost)  
  46  4:41  Stalker  
  46  4:45  Stalker  
  50  4:46  Probe  
  50  4:51  Stalker  
  53  4:53  Probe  
  53  4:58  Probe  
  55  5:00  Pylon  
  55  5:05  Probe  
  55  5:07  Stalker  
  58  5:10  Probe  
  58  5:12  Stalker  
  61  5:17  Probe  
  62  5:25  Probe  
  63  5:29  Probe  
  63  5:30  Stalker x2  
  68  5:38  Pylon  
  68  5:49  Stalker  
  66  5:54  Stalker x2  
  66  5:55  Assimilator  
  68  6:04  Probe  
  68  6:06  Pylon  
  68  6:07  Assimilator  
  69  6:17  Nexus, Stalker x3  
  75  6:20  Probe  
  75  6:24  Probe  
  77  6:30  Robotics Facility  
  77  6:43  Stalker x3  
  77  6:44  Probe  
  77  6:45  Probe  
  82  6:51  Pylon  
  82  6:55  Pylon  
  82  6:56  Gateway  
  82  6:57  Probe  
  82  6:58  Probe  
  82  7:01  Pylon  
  84  7:13  Stalker  
  84  7:14  Stalker x2  
  84  7:15  Probe  
  88  7:21  Forge  
  89  7:23  Probe (Chrono Boost)  
  89  7:27  Probe (Chrono Boost)  
  89  7:29  Observer (Chrono Boost)  
  91  7:36  Robotics Bay, Probe (Chrono Boost)  
  94  7:39  Probe (Chrono Boost)  
  94  7:40  Probe (Chrono Boost)  
  94  7:43  Stalker  
  97  7:45  Probe (Chrono Boost)  
  97  7:47  Probe (Chrono Boost)  
  97  7:49  Probe (Chrono Boost)  
  95  7:55  Probe (Chrono Boost)  
  95  7:57  Observer (Chrono Boost)  
  97  8:04  Probe (Chrono Boost)  
  99  8:06  Stalker x2  
  99  8:07  Probe (Chrono Boost)  
  99  8:10  Sentry x2  
  99  8:15  Pylon  
  99  8:16  Shield Battery  
  90  8:33  Zealot x2  
  88  8:39  Zealot  
  88  8:40  Zealot  
  71  8:54  Stalker x2  
Show
View Real Time Build Order
Export as new Build Order

Maplez Protoss - Winner!

Build Orders: 1 Gate Expand, Blink Stalkers 

Get SALT Encoding   

  12  0:00  Probe  
  13  0:12  Probe  
  14  0:19  Pylon  
  14  0:24  Probe  
  15  0:37  Probe (Chrono Boost)  
  15  0:38  Gateway  
  16  0:46  Probe (Chrono Boost)  
  16  0:49  Assimilator  
  17  0:51  Probe  
  18  1:03  Probe  
  19  1:15  Probe  
  20  1:26  Cybernetics Core  
  20  1:33  Nexus  
  20  1:37  Probe  
  21  1:44  Pylon  
  21  1:49  Assimilator  
  21  1:52  Probe  
  22  2:01  Stalker (Chrono Boost)  
  22  2:06  Probe  
  25  2:12  Pylon  
  25  2:18  Probe  
  25  2:20  Warp Gate  
  26  2:25  Stalker (Chrono Boost)  
  27  2:38  Shield Battery, Probe  
  28  2:45  Shield Battery  
  28  2:47  Sentry (Chrono Boost)  
  30  2:52  Probe  
  30  2:55  Probe  
  32  3:04  Probe  
  33  3:05  Sentry  
  33  3:08  Probe  
  36  3:16  Probe  
  36  3:17  Twilight Council  
  37  3:20  Probe  
  38  3:27  Gateway  
  38  3:31  Probe  
  38  3:32  Probe  
  40  3:39  Pylon  
  40  3:43  Shield Battery, Probe  
  40  3:46  Probe  
  42  3:48  Blink (Chrono Boost)  
  42  3:55  Probe  
  43  3:59  Probe  
  44  4:07  Probe  
  45  4:10  Stalker  
  45  4:11  Probe  
  48  4:19  Probe  
  48  4:23  Probe, Stalker  
  52  4:26  Pylon  
  49  4:31  Probe  
  49  4:34  Stalker  
  49  4:35  Probe  
  53  4:43  Nexus  
  53  4:45  Probe  
  54  4:47  Probe  
  54  4:52  Stalker  
  57  4:57  Probe  
  57  4:58  Stalker  
  60  5:02  Robotics Facility  
  60  5:10  Pylon  
  60  5:12  Pylon  
  60  5:17  Assimilator  
  60  5:22  Shield Battery x2  
  60  5:26  Stalker  
  62  5:32  Stalker  
  62  5:33  Probe x2  
  66  5:45  Probe x2  
  66  5:46  Charge (Chrono Boost)  
  66  5:50  Stalker  
  66  5:56  Forge, Probe  
  69  5:57  Probe x2  
  69  6:00  Observer (Chrono Boost)  
  72  6:09  Gateway, Probe x2  
  74  6:14  Probe  
  74  6:15  Observer (Chrono Boost)  
  74  6:16  Gateway  
  74  6:18  Protoss Ground Weapons Level 1 (Chrono Boost), Gateway  
  76  6:20  Pylon  
  76  6:21  Probe  
  76  6:22  Probe  
  78  6:26  Probe  
  78  6:29  Stalker x2  
  83  6:34  Probe (Chrono Boost)  
  83  6:37  Probe (Chrono Boost)  
  83  6:38  Observer  
  81  6:45  Probe (Chrono Boost)  
  83  6:49  Pylon  
  84  6:56  Immortal (Chrono Boost)  
  84  6:57  Gateway  
  84  6:58  Probe (Chrono Boost), Gateway  
  87  7:03  Stalker  
  87  7:05  Probe  
  87  7:08  Observer, Probe  
  91  7:09  Stalker  
  93  7:16  Adept x2  
  93  7:18  Gateway  
  97  7:23  Stalker, Pylon  
  97  7:24  Probe  
  97  7:25  Probe  
  101  7:32  Immortal (Chrono Boost)  
  105  7:37  Pylon  
  105  7:40  Stalker x2  
  107  7:52  Stalker x3  
  107  7:56  Shield Battery  
  107  7:57  Pylon  
  111  7:59  Pylon  
  111  8:03  Stalker x2  
  115  8:08  Probe  
  116  8:13  Pylon  
  116  8:16  Pylon  
  116  8:21  Zealot x3  
  116  8:22  Zealot x2  
  117  8:34  Probe  
  117  8:36  Probe  
  105  8:48  Stalker  
  105  8:49  Stalker x2  
  105  9:05  Stalker  
Tags
 
Add a new tag
Caveats
  • Supply blocks, unpowered buildings, or Contaminate may cause inaccurate times.
  • Supply counts are checked every 10 seconds.